[ AOE2 MATCH · #489507250 ]
UnrankedFranks vs Hindustanis
[ REPLAY ANALYSIS · EXTRACTED FROM THE RECORDED GAME ]
Feudal
7:11
Castle
10:44
Imperial
22:57
| APM avg | 32.2 |
| APM peak | 67 |
| eAPM avg | 20.2 |
| Villagers / military | 115 / 31 |
Focus
⚔️ 32.6% · 🌾 67.4%
Throwing Axeman ×28 · Bombard Cannon ×3
Feudal
6:47
Castle
10:42
Imperial
24:45
| APM avg | 39.6 |
| APM peak | 79 |
| eAPM avg | 26.7 |
| Villagers / military | 120 / 38 |
Focus
⚔️ 36.9% · 🌾 63.1%
Hand Cannoneer ×25 · Monk ×5 · Hussite Wagon ×4 · Bombard Cannon ×4
Feudal
8:02
Castle
11:57
Imperial
17:01
| APM avg | 31.5 |
| APM peak | 82 |
| eAPM avg | 15.9 |
| Villagers / military | 57 / 33 |
Focus
⚔️ 24.1% · 🌾 75.9%
Ghulam ×28 · Trebuchet (Packed) ×5
Feudal
6:46
Castle
10:56
Imperial
24:11
| APM avg | 36.7 |
| APM peak | 80 |
| eAPM avg | 25.9 |
| Villagers / military | 103 / 35 |
Focus
⚔️ 38.6% · 🌾 61.4%
Knight ×33 · Monk ×2
Feudal
7:36
Castle
11:06
Imperial
23:30
| APM avg | 23.9 |
| APM peak | 63 |
| eAPM avg | 17.9 |
| Villagers / military | 119 / 32 |
Focus
⚔️ 27.6% · 🌾 72.4%
Monaspa ×32
Feudal
8:50
Castle
12:20
Imperial
16:20
| APM avg | 58.0 |
| APM peak | 103 |
| eAPM avg | 27.0 |
| Villagers / military | 34 / 47 |
Focus
⚔️ 60.2% · 🌾 39.8%
Janissary ×44 · Monk ×1 · Mangonel ×1 · Bombard Cannon ×1
Feudal
7:26
Castle
11:46
Imperial
—
| APM avg | 27.3 |
| APM peak | 52 |
| eAPM avg | 17.5 |
| Villagers / military | 110 / 6 |
Focus
⚔️ 17.9% · 🌾 82.1%
Unknown (1908) ×19 · Unknown (1911) ×17 · Steppe Lancer ×5 · Archer ×1
Feudal
8:25
Castle
10:53
Imperial
—
| APM avg | 39.6 |
| APM peak | 69 |
| eAPM avg | 22.2 |
| Villagers / military | 61 / 104 |
Focus
⚔️ 35.4% · 🌾 64.6%
Karambit Warrior ×93 · Battering Ram ×8 · Petard ×2 · Scorpion ×1
Match map
Initial resources + every placement click. Lines = walls · curves = elevation contours. ◆ gold · ⬟ stone · ● berries · ✦ relic · ◌ wall gap
Your base· ✓ Closed at 10:44 · 0t walls · 7 gate(s)
VENÓN | EnvyZ's base· ✓ Closed at 10:42 · 0t walls · 6 gate(s)
_The_Lion's base· ✓ Closed at 11:57 · 0t walls · 7 gate(s)
FYI Inc's base· ✓ Closed at 10:56 · 1t walls · 7 gate(s)
T1m's base· ✓ Closed at 11:06 · 0t walls · 6 gate(s)
develement's base· ✓ Closed at 12:20 · 0t walls · 7 gate(s)
The_ Rock's base· ✓ Closed at 11:46 · 0t walls · 7 gate(s)
Silence's base· ✓ Closed at 10:53 · 0t walls · 6 gate(s)
Smoothed initial terrain · ◌ = detected wall gap · hover for details
Inputs per minute
— NachoMontes - - VENÓN | EnvyZ
Build order — NachoMontes
First 150 of 275 actions detected
| 0:01 | Create | Villager (Male) |
| 0:01 | Create | Villager (Male) |
| 0:05 | Build | Mill |
| 0:10 | Build | Lumber Camp |
| 0:22 | Create | Villager (Male) |
| 0:23 | Create | Villager (Male) |
| 1:27 | Create | Villager (Male) |
| 1:32 | Create | Villager (Male) |
| 2:08 | Create | Villager (Male) |
| 2:29 | Create | Villager (Male) |
| 2:36 | Create | Villager (Male) |
| 2:54 | Create | Villager (Male) |
| 3:03 | Create | Villager (Male) |
| 3:52 | Build | Farm |
| 4:17 | Build | Farm |
| 4:29 | Create | Villager (Male) |
| 4:43 | Build | Mining Camp |
| 5:01 | Research | Feudal Age |
| 5:52 | Build | Farm |
| 5:58 | Create | Villager (Male) |
| 5:58 | Create | Villager (Male) |
| 7:11 | Age | Feudal Age |
| 7:14 | Build | Market |
| 7:16 | Build | Blacksmith |
| 8:04 | Research | Castle Age |
| 8:23 | Research | Double-Bit Axe |
| 8:39 | Build | Lumber Camp |
| 9:32 | Build | Farm |
| 9:35 | Create | Villager (Male) |
| 10:44 | Age | Castle Age |
| 10:45 | Build | Town Center |
| 10:46 | Create | Villager (Male) |
| 10:52 | Build | Town Center |
| 11:06 | Research | Bow Saw |
| 11:08 | Create | Villager (Male) |
| 11:28 | Create | Villager (Male) |
| 11:31 | Build | Farm |
| 11:35 | Build | Farm |
| 11:48 | Create | Villager (Male) |
| 11:58 | Create | Villager (Male) |
| 12:10 | Create | Villager (Male) |
| 12:15 | Create | Villager (Male) |
| 12:16 | Create | Villager (Male) |
| 12:18 | Create | Villager (Male) |
| 12:27 | Build | Farm |
| 12:36 | Build | Farm |
| 12:36 | Build | Farm |
| 12:37 | Create | Villager (Male) |
| 12:37 | Create | Villager (Male) |
| 12:45 | Create | Villager (Male) |
| 12:51 | Build | Farm |
| 12:54 | Create | Villager (Male) |
| 13:07 | Create | Villager (Male) |
| 13:13 | Build | Farm |
| 13:14 | Create | Villager (Male) |
| 13:16 | Build | Farm |
| 13:18 | Build | Farm |
| 13:26 | Create | Villager (Male) |
| 13:37 | Create | Villager (Male) |
| 13:43 | Create | Villager (Male) |
| 13:46 | Build | Farm |
| 13:47 | Build | Farm |
| 13:49 | Create | Villager (Male) |
| 13:51 | Build | Farm |
| 13:52 | Build | Farm |
| 13:54 | Build | Farm |
| 14:15 | Build | House |
| 14:23 | Build | Farm |
| 14:24 | Research | Wheelbarrow |
| 14:32 | Build | Farm |
| 14:34 | Build | Farm |
| 14:35 | Build | Farm |
| 14:38 | Create | Villager (Male) |
| 14:38 | Create | Villager (Male) |
| 14:43 | Create | Villager (Male) |
| 14:43 | Create | Villager (Male) |
| 14:52 | Create | Villager (Male) |
| 14:55 | Build | Farm |
| 14:56 | Build | Farm |
| 14:58 | Create | Villager (Male) |
| 15:02 | Build | House |
| 15:03 | Build | House |
| 15:05 | Build | House |
| 15:06 | Build | House |
| 15:10 | Build | Farm |
| 15:14 | Create | Villager (Male) |
| 15:24 | Create | Villager (Male) |
| 15:31 | Create | Villager (Male) |
| 15:32 | Create | Villager (Male) |
| 15:34 | Build | Farm |
| 15:38 | Create | Villager (Male) |
| 15:45 | Create | Villager (Male) |
| 15:58 | Build | Farm |
| 15:59 | Build | Farm |
| 16:00 | Create | Villager (Male) |
| 16:02 | Build | Farm |
| 16:02 | Build | Farm |
| 16:03 | Create | Villager (Male) |
| 16:10 | Create | Villager (Male) |
| 16:16 | Create | Villager (Male) |
| 16:24 | Build | Farm |
| 16:26 | Build | Farm |
| 16:27 | Create | Villager (Male) |
| 16:40 | Create | Villager (Male) |
| 16:41 | Create | Villager (Male) |
| 16:50 | Research | Hand Cart |
| 16:50 | Research | Hand Cart |
| 17:04 | Create | Villager (Male) |
| 17:17 | Create | Villager (Male) |
| 17:17 | Create | Villager (Male) |
| 17:20 | Build | House |
| 17:22 | Create | Villager (Male) |
| 17:28 | Research | Gold Mining |
| 17:31 | Create | Villager (Male) |
| 17:32 | Create | Villager (Male) |
| 17:36 | Build | Mill |
| 17:37 | Build | Farm |
| 17:37 | Build | Farm |
| 17:38 | Build | Farm |
| 17:38 | Build | Farm |
| 17:38 | Build | Farm |
| 17:40 | Create | Villager (Male) |
| 17:40 | Create | Villager (Male) |
| 17:41 | Create | Villager (Male) |
| 17:49 | Build | House |
| 17:50 | Build | House |
| 17:53 | Build | House |
| 17:54 | Build | House |
| 17:55 | Create | Villager (Male) |
| 17:57 | Create | Villager (Male) |
| 17:58 | Create | Villager (Male) |
| 18:03 | Build | House |
| 18:06 | Create | Villager (Male) |
| 18:16 | Create | Villager (Male) |
| 18:21 | Research | Loom |
| 18:23 | Build | Mining Camp |
| 18:25 | Create | Villager (Male) |
| 18:27 | Build | House |
| 18:33 | Build | Farm |
| 18:34 | Create | Villager (Male) |
| 19:45 | Research | Imperial Age |
| 19:47 | Create | Villager (Male) |
| 19:55 | Build | Mining Camp |
| 19:58 | Create | Throwing Axeman |
| 19:59 | Create | Throwing Axeman |
| 20:06 | Create | Villager (Male) |
| 20:09 | Build | House |
| 20:11 | Build | House |
| 20:12 | Create | Throwing Axeman |
| 20:14 | Create | Villager (Male) |
Build order — VENÓN | EnvyZ
First 150 of 275 actions detected
| 0:01 | Create | Villager (Male) |
| 0:01 | Create | Villager (Male) |
| 0:02 | Create | Villager (Male) |
| 0:02 | Create | Villager (Male) |
| 0:06 | Build | Lumber Camp |
| 0:19 | Build | Mill |
| 0:59 | Create | Villager (Male) |
| 1:43 | Create | Villager (Male) |
| 1:43 | Create | Villager (Male) |
| 2:04 | Create | Villager (Male) |
| 2:05 | Create | Villager (Male) |
| 2:41 | Create | Villager (Male) |
| 3:03 | Create | Villager (Male) |
| 3:27 | Create | Villager (Male) |
| 4:14 | Build | Mining Camp |
| 4:18 | Build | Farm |
| 4:22 | Build | Farm |
| 4:37 | Research | Feudal Age |
| 4:37 | Research | Feudal Age |
| 6:37 | Create | Villager (Male) |
| 6:38 | Create | Villager (Male) |
| 6:47 | Age | Feudal Age |
| 6:49 | Build | Market |
| 6:51 | Build | Blacksmith |
| 8:02 | Research | Castle Age |
| 8:29 | Research | Double-Bit Axe |
| 9:02 | Research | Horse Collar |
| 9:48 | Create | Villager (Male) |
| 10:42 | Age | Castle Age |
| 10:50 | Build | Town Center |
| 10:55 | Create | Villager (Male) |
| 11:06 | Build | Town Center |
| 11:14 | Create | Villager (Male) |
| 11:22 | Research | Bow Saw |
| 11:37 | Create | Villager (Male) |
| 11:46 | Build | Farm |
| 12:08 | Create | Villager (Male) |
| 12:19 | Build | Farm |
| 12:23 | Create | Villager (Male) |
| 12:24 | Create | Villager (Male) |
| 12:26 | Create | Villager (Male) |
| 12:33 | Build | Farm |
| 12:48 | Create | Villager (Male) |
| 12:58 | Build | Farm |
| 12:59 | Create | Villager (Male) |
| 13:01 | Create | Villager (Male) |
| 13:01 | Create | Villager (Male) |
| 13:06 | Build | Farm |
| 13:10 | Create | Villager (Male) |
| 13:11 | Create | Villager (Male) |
| 13:11 | Create | Villager (Male) |
| 13:11 | Create | Villager (Male) |
| 13:15 | Build | Farm |
| 13:26 | Build | Farm |
| 13:26 | Create | Villager (Male) |
| 13:37 | Build | Farm |
| 13:41 | Create | Villager (Male) |
| 13:49 | Build | Farm |
| 13:57 | Build | Farm |
| 13:59 | Create | Villager (Male) |
| 13:59 | Create | Villager (Male) |
| 14:04 | Create | Villager (Male) |
| 14:09 | Build | Farm |
| 14:13 | Build | Farm |
| 14:13 | Create | Villager (Male) |
| 14:22 | Create | Villager (Male) |
| 14:26 | Build | Monastery |
| 14:35 | Build | Farm |
| 14:37 | Create | Villager (Male) |
| 14:43 | Build | Farm |
| 14:45 | Create | Villager (Male) |
| 14:45 | Create | Villager (Male) |
| 14:56 | Build | Farm |
| 14:56 | Create | Villager (Male) |
| 15:00 | Build | Farm |
| 15:00 | Create | Villager (Male) |
| 15:00 | Create | Villager (Male) |
| 15:07 | Build | Farm |
| 15:08 | Build | Farm |
| 15:09 | Create | Villager (Male) |
| 15:14 | Build | House |
| 15:21 | Create | Villager (Male) |
| 15:22 | Create | Villager (Male) |
| 15:34 | Create | Villager (Male) |
| 15:39 | Create | Monk |
| 15:40 | Create | Villager (Male) |
| 15:40 | Create | Villager (Male) |
| 15:41 | Build | Farm |
| 15:43 | Build | Farm |
| 15:47 | Create | Villager (Male) |
| 15:47 | Create | Villager (Male) |
| 15:50 | Create | Villager (Male) |
| 15:54 | Build | House |
| 15:59 | Create | Villager (Male) |
| 15:59 | Create | Villager (Male) |
| 16:00 | Build | Farm |
| 16:03 | Build | Farm |
| 16:06 | Build | Farm |
| 16:12 | Create | Villager (Male) |
| 16:20 | Create | Hussite Wagon |
| 16:21 | Create | Villager (Male) |
| 16:22 | Create | Villager (Male) |
| 16:25 | Build | Farm |
| 16:27 | Create | Villager (Male) |
| 16:35 | Create | Hussite Wagon |
| 16:36 | Create | Villager (Male) |
| 16:43 | Build | Farm |
| 16:49 | Research | Heavy Plow |
| 16:52 | Create | Monk |
| 17:01 | Build | House |
| 17:03 | Create | Villager (Male) |
| 17:03 | Create | Villager (Male) |
| 17:03 | Create | Villager (Male) |
| 17:06 | Build | Farm |
| 17:06 | Build | Farm |
| 17:06 | Build | Farm |
| 17:06 | Build | Farm |
| 17:08 | Create | Villager (Male) |
| 17:09 | Create | Villager (Male) |
| 17:12 | Build | Farm |
| 17:14 | Create | Villager (Male) |
| 17:15 | Create | Villager (Male) |
| 17:24 | Research | Fervor |
| 17:33 | Create | Villager (Male) |
| 17:33 | Create | Villager (Male) |
| 17:33 | Create | Villager (Male) |
| 17:38 | Build | House |
| 17:39 | Build | House |
| 17:43 | Build | House |
| 17:54 | Create | Villager (Male) |
| 17:55 | Create | Villager (Male) |
| 18:08 | Research | Wheelbarrow |
| 18:08 | Research | Wheelbarrow |
| 18:13 | Create | Hussite Wagon |
| 18:16 | Build | Farm |
| 18:17 | Build | Farm |
| 18:19 | Create | Villager (Male) |
| 18:22 | Build | Mining Camp |
| 18:24 | Build | Farm |
| 18:28 | Build | Lumber Camp |
| 18:30 | Create | Villager (Male) |
| 18:39 | Build | Lumber Camp |
| 18:39 | Create | Villager (Male) |
| 18:39 | Create | Villager (Male) |
| 18:43 | Build | House |
| 18:44 | Build | House |
| 18:46 | Build | House |
| 19:03 | Build | Farm |
| 19:08 | Create | Villager (Male) |
| 19:08 | Create | Villager (Male) |
Build order — _The_Lion
140 actions detected in the replay
| 0:02 | Create | Villager (Male) |
| 0:03 | Create | Villager (Male) |
| 0:03 | Create | Villager (Male) |
| 0:05 | Build | Lumber Camp |
| 0:09 | Create | Villager (Male) |
| 0:10 | Create | Villager (Male) |
| 0:40 | Create | Villager (Male) |
| 1:34 | Create | Villager (Male) |
| 1:36 | Create | Villager (Male) |
| 2:11 | Build | Mill |
| 2:19 | Build | Mill |
| 2:41 | Create | Villager (Male) |
| 2:41 | Create | Villager (Male) |
| 2:41 | Create | Villager (Male) |
| 2:41 | Create | Villager (Male) |
| 2:56 | Create | Villager (Male) |
| 2:56 | Create | Villager (Male) |
| 3:50 | Create | Villager (Male) |
| 3:53 | Build | Farm |
| 3:55 | Build | Farm |
| 3:56 | Build | Farm |
| 4:13 | Build | Farm |
| 4:22 | Build | Mining Camp |
| 4:26 | Create | Villager (Male) |
| 4:46 | Create | Villager (Male) |
| 5:49 | Research | Feudal Age |
| 7:23 | Create | Villager (Male) |
| 7:23 | Create | Villager (Male) |
| 7:23 | Create | Villager (Male) |
| 8:02 | Age | Feudal Age |
| 8:04 | Build | Market |
| 8:06 | Build | Blacksmith |
| 8:18 | Build | Blacksmith |
| 9:14 | Research | Castle Age |
| 9:31 | Create | Villager (Male) |
| 9:31 | Create | Villager (Male) |
| 9:31 | Create | Villager (Male) |
| 11:57 | Age | Castle Age |
| 12:03 | Build | Farm |
| 12:04 | Build | Farm |
| 12:05 | Build | Farm |
| 12:06 | Build | Farm |
| 12:07 | Build | Farm |
| 12:25 | Build | Farm |
| 12:28 | Build | Farm |
| 12:31 | Build | Mining Camp |
| 13:14 | Create | Villager (Male) |
| 13:51 | Research | Imperial Age |
| 14:29 | Create | Ghulam |
| 14:53 | Create | Ghulam |
| 15:21 | Create | Ghulam |
| 15:59 | Create | Villager (Male) |
| 15:59 | Create | Villager (Male) |
| 16:31 | Build | Castle |
| 16:37 | Build | Mining Camp |
| 17:00 | Create | Villager (Male) |
| 17:01 | Age | Imperial Age |
| 17:12 | Create | Trebuchet (Packed) |
| 17:21 | Create | Ghulam |
| 17:21 | Create | Ghulam |
| 17:34 | Create | Trebuchet (Packed) |
| 17:49 | Build | Mining Camp |
| 17:55 | Create | Ghulam |
| 18:06 | Create | Villager (Male) |
| 18:34 | Create | Trebuchet (Packed) |
| 18:43 | Create | Villager (Male) |
| 18:43 | Create | Villager (Male) |
| 18:59 | Create | Ghulam |
| 19:37 | Create | Trebuchet (Packed) |
| 19:37 | Create | Trebuchet (Packed) |
| 19:39 | Create | Villager (Male) |
| 19:39 | Create | Villager (Male) |
| 19:39 | Create | Villager (Male) |
| 19:39 | Create | Villager (Male) |
| 19:44 | Create | Ghulam |
| 19:58 | Create | Ghulam |
| 20:27 | Create | Ghulam |
| 20:47 | Create | Ghulam |
| 20:47 | Create | Ghulam |
| 20:51 | Create | Villager (Male) |
| 20:51 | Create | Villager (Male) |
| 21:00 | Build | Farm |
| 21:01 | Build | Farm |
| 21:03 | Create | Villager (Male) |
| 21:03 | Create | Villager (Male) |
| 21:37 | Research | Scale Mail Armor |
| 21:39 | Create | Ghulam |
| 21:40 | Create | Villager (Male) |
| 21:42 | Build | Farm |
| 22:11 | Create | Ghulam |
| 22:15 | Create | Ghulam |
| 22:25 | Research | Chain Mail Armor |
| 22:27 | Create | Villager (Male) |
| 22:27 | Create | Villager (Male) |
| 22:34 | Create | Ghulam |
| 22:53 | Create | Ghulam |
| 22:56 | Build | House |
| 22:56 | Build | House |
| 23:28 | Create | Ghulam |
| 23:30 | Create | Ghulam |
| 23:31 | Create | Ghulam |
| 23:32 | Create | Villager (Male) |
| 23:32 | Create | Villager (Male) |
| 24:51 | Create | Ghulam |
| 24:51 | Create | Ghulam |
| 24:54 | Create | Ghulam |
| 24:54 | Create | Ghulam |
| 24:55 | Create | Ghulam |
| 24:55 | Create | Villager (Male) |
| 24:56 | Create | Villager (Male) |
| 24:59 | Build | House |
| 24:59 | Build | House |
| 26:00 | Create | Villager (Male) |
| 26:00 | Create | Villager (Male) |
| 26:04 | Create | Ghulam |
| 26:04 | Create | Ghulam |
| 26:11 | Create | Ghulam |
| 26:15 | Create | Villager (Male) |
| 26:21 | Build | Town Center |
| 26:52 | Build | Town Center |
| 26:54 | Create | Villager (Male) |
| 26:55 | Create | Villager (Male) |
| 27:12 | Create | Villager (Male) |
| 27:14 | Research | Scale Barding Armor |
| 27:15 | Research | Forging |
| 27:35 | Build | Stable |
| 27:36 | Build | Stable |
| 27:45 | Create | Villager (Male) |
| 27:45 | Create | Villager (Male) |
| 27:45 | Create | Villager (Male) |
| 27:47 | Build | Farm |
| 27:51 | Build | Farm |
| 27:54 | Research | Loom |
| 28:05 | Build | Stable |
| 28:06 | Build | Stable |
| 28:09 | Create | Villager (Male) |
| 28:09 | Create | Villager (Male) |
| 28:10 | Create | Villager (Male) |
| 28:30 | Build | Stone Wall |
| 28:40 | Build | House |
Build order — FYI Inc
First 150 of 269 actions detected
| 0:01 | Create | Villager (Male) |
| 0:01 | Create | Villager (Male) |
| 0:22 | Build | Mill |
| 0:41 | Create | Villager (Male) |
| 0:41 | Create | Villager (Male) |
| 0:58 | Build | Lumber Camp |
| 1:23 | Create | Villager (Male) |
| 1:23 | Create | Villager (Male) |
| 2:09 | Create | Villager (Male) |
| 2:20 | Create | Villager (Male) |
| 2:20 | Create | Villager (Male) |
| 2:21 | Create | Villager (Male) |
| 2:44 | Create | Villager (Male) |
| 2:51 | Create | Villager (Male) |
| 2:51 | Create | Villager (Male) |
| 4:02 | Build | Mining Camp |
| 4:33 | Research | Feudal Age |
| 6:46 | Age | Feudal Age |
| 6:47 | Create | Villager (Male) |
| 6:51 | Build | Market |
| 6:57 | Create | Villager (Male) |
| 7:07 | Build | Blacksmith |
| 7:10 | Build | House |
| 7:19 | Build | House |
| 7:25 | Build | House |
| 7:26 | Create | Villager (Male) |
| 8:14 | Build | Lumber Camp |
| 8:16 | Research | Castle Age |
| 8:18 | Build | Palisade Wall |
| 8:40 | Research | Double-Bit Axe |
| 9:12 | Research | Horse Collar |
| 9:28 | Build | Farm |
| 9:36 | Build | Farm |
| 9:39 | Build | Farm |
| 9:45 | Build | House |
| 9:48 | Build | House |
| 10:06 | Build | House |
| 10:16 | Build | House |
| 10:35 | Build | Farm |
| 10:51 | Create | Villager (Male) |
| 10:56 | Age | Castle Age |
| 10:58 | Research | Bow Saw |
| 11:00 | Create | Villager (Male) |
| 11:07 | Build | Town Center |
| 11:10 | Build | House |
| 11:23 | Build | House |
| 11:30 | Create | Villager (Male) |
| 11:33 | Build | Farm |
| 11:46 | Build | House |
| 11:49 | Build | House |
| 12:03 | Create | Villager (Male) |
| 12:04 | Build | Farm |
| 12:10 | Build | Farm |
| 12:16 | Create | Villager (Male) |
| 12:27 | Create | Villager (Male) |
| 12:30 | Build | Farm |
| 12:32 | Build | Farm |
| 12:35 | Build | Farm |
| 12:37 | Build | Farm |
| 12:46 | Create | Villager (Male) |
| 13:11 | Create | Villager (Male) |
| 13:17 | Build | Town Center |
| 13:24 | Create | Villager (Male) |
| 13:24 | Create | Villager (Male) |
| 13:29 | Build | Farm |
| 13:31 | Build | Farm |
| 13:38 | Build | Farm |
| 13:38 | Create | Villager (Male) |
| 13:44 | Build | Farm |
| 13:45 | Create | Villager (Male) |
| 13:56 | Create | Villager (Male) |
| 13:58 | Build | Farm |
| 14:11 | Create | Villager (Male) |
| 14:14 | Create | Villager (Male) |
| 14:25 | Research | Loom |
| 14:30 | Research | Wheelbarrow |
| 14:55 | Create | Villager (Male) |
| 15:00 | Build | Monastery |
| 15:03 | Create | Villager (Male) |
| 15:05 | Create | Villager (Male) |
| 15:08 | Create | Villager (Male) |
| 15:13 | Create | Villager (Male) |
| 15:17 | Create | Villager (Male) |
| 15:24 | Build | Farm |
| 15:25 | Build | Farm |
| 15:26 | Build | Farm |
| 15:26 | Create | Villager (Male) |
| 15:29 | Build | Farm |
| 15:34 | Create | Villager (Male) |
| 15:43 | Create | Monk |
| 15:49 | Build | Farm |
| 15:49 | Create | Villager (Male) |
| 15:49 | Create | Villager (Male) |
| 16:01 | Create | Villager (Male) |
| 16:09 | Research | Gold Mining |
| 16:11 | Research | Town Watch |
| 16:12 | Create | Villager (Male) |
| 16:16 | Create | Villager (Male) |
| 16:18 | Build | Mining Camp |
| 16:32 | Create | Villager (Male) |
| 16:33 | Create | Villager (Male) |
| 16:42 | Create | Villager (Male) |
| 16:43 | Create | Villager (Male) |
| 16:46 | Research | Fervor |
| 16:47 | Create | Villager (Male) |
| 16:51 | Build | Mining Camp |
| 16:56 | Create | Villager (Male) |
| 16:57 | Create | Villager (Male) |
| 17:13 | Create | Villager (Male) |
| 17:13 | Create | Villager (Male) |
| 17:15 | Build | Farm |
| 17:15 | Build | Farm |
| 17:16 | Build | Farm |
| 17:17 | Build | Farm |
| 17:30 | Create | Villager (Male) |
| 17:33 | Research | Heavy Plow |
| 17:34 | Create | Villager (Male) |
| 17:38 | Create | Villager (Male) |
| 17:48 | Create | Villager (Male) |
| 17:52 | Build | Farm |
| 17:53 | Create | Villager (Male) |
| 18:06 | Create | Monk |
| 18:08 | Create | Villager (Male) |
| 18:09 | Create | Villager (Male) |
| 18:12 | Create | Villager (Male) |
| 18:12 | Create | Villager (Male) |
| 18:15 | Build | Farm |
| 18:19 | Build | Farm |
| 18:21 | Create | Villager (Male) |
| 18:23 | Build | Mining Camp |
| 18:26 | Create | Villager (Male) |
| 18:29 | Create | Villager (Male) |
| 18:35 | Build | Farm |
| 18:40 | Build | House |
| 18:41 | Build | House |
| 18:42 | Build | House |
| 18:42 | Build | House |
| 18:43 | Build | House |
| 18:44 | Build | House |
| 18:55 | Research | Hand Cart |
| 19:02 | Create | Villager (Male) |
| 19:02 | Create | Villager (Male) |
| 19:03 | Create | Villager (Male) |
| 19:20 | Build | Farm |
| 19:38 | Build | Barracks |
| 19:42 | Create | Villager (Male) |
| 19:51 | Create | Villager (Male) |
| 19:55 | Build | Stable |
| 19:59 | Build | Stable |
| 20:20 | Create | Villager (Male) |
Build order — T1m
First 150 of 290 actions detected
| 0:01 | Create | Villager (Male) |
| 0:02 | Create | Villager (Male) |
| 0:02 | Create | Villager (Male) |
| 0:09 | Build | Mule Cart |
| 0:52 | Create | Villager (Male) |
| 1:13 | Build | Mill |
| 1:39 | Create | Villager (Male) |
| 1:54 | Create | Villager (Male) |
| 2:26 | Create | Villager (Male) |
| 2:27 | Create | Villager (Male) |
| 2:27 | Create | Villager (Male) |
| 3:17 | Create | Villager (Male) |
| 3:28 | Create | Villager (Male) |
| 3:50 | Create | Villager (Male) |
| 3:50 | Create | Villager (Male) |
| 4:41 | Create | Villager (Male) |
| 4:44 | Build | Farm |
| 4:47 | Build | Farm |
| 4:54 | Build | Farm |
| 4:59 | Build | Farm |
| 5:10 | Research | Feudal Age |
| 6:47 | Create | Villager (Male) |
| 7:36 | Age | Feudal Age |
| 7:38 | Build | Market |
| 7:39 | Build | Blacksmith |
| 7:43 | Create | Villager (Male) |
| 8:24 | Research | Castle Age |
| 8:24 | Research | Castle Age |
| 8:53 | Create | Villager (Male) |
| 9:06 | Research | Double-Bit Axe |
| 9:26 | Research | Horse Collar |
| 11:06 | Age | Castle Age |
| 11:08 | Build | Town Center |
| 11:22 | Build | Town Center |
| 11:24 | Create | Villager (Male) |
| 11:32 | Research | Bow Saw |
| 11:33 | Research | Heavy Plow |
| 11:40 | Create | Villager (Male) |
| 11:54 | Research | Wheelbarrow |
| 12:14 | Create | Villager (Male) |
| 12:24 | Build | Farm |
| 12:26 | Build | Farm |
| 12:30 | Build | Farm |
| 12:30 | Create | Villager (Male) |
| 12:30 | Create | Villager (Male) |
| 12:37 | Build | Farm |
| 12:45 | Create | Villager (Male) |
| 12:52 | Build | Farm |
| 12:53 | Create | Villager (Male) |
| 13:03 | Build | Farm |
| 13:08 | Create | Villager (Male) |
| 13:11 | Build | Farm |
| 13:26 | Build | Farm |
| 13:26 | Create | Villager (Male) |
| 13:31 | Build | Farm |
| 13:31 | Create | Villager (Male) |
| 13:43 | Build | Farm |
| 13:46 | Create | Villager (Male) |
| 13:56 | Create | Villager (Male) |
| 14:02 | Create | Villager (Male) |
| 14:07 | Build | Farm |
| 14:18 | Build | Farm |
| 14:19 | Create | Villager (Male) |
| 14:27 | Create | Villager (Male) |
| 14:33 | Build | Farm |
| 14:35 | Build | Farm |
| 14:36 | Create | Villager (Male) |
| 14:39 | Build | Farm |
| 14:40 | Build | Farm |
| 14:46 | Create | Villager (Male) |
| 14:51 | Create | Villager (Male) |
| 14:53 | Build | Farm |
| 14:54 | Create | Villager (Male) |
| 14:59 | Build | House |
| 15:07 | Create | Villager (Male) |
| 15:14 | Create | Villager (Male) |
| 15:18 | Build | Farm |
| 15:21 | Build | Farm |
| 15:26 | Create | Villager (Male) |
| 15:32 | Create | Villager (Male) |
| 15:36 | Build | Farm |
| 15:37 | Build | Farm |
| 15:39 | Create | Villager (Male) |
| 15:41 | Build | Farm |
| 15:42 | Build | Farm |
| 15:43 | Create | Villager (Male) |
| 15:49 | Create | Villager (Male) |
| 15:53 | Create | Villager (Male) |
| 16:09 | Build | Farm |
| 16:11 | Build | Farm |
| 16:12 | Create | Villager (Male) |
| 16:12 | Create | Villager (Male) |
| 16:13 | Create | Villager (Male) |
| 16:23 | Research | Gold Mining |
| 16:24 | Create | Villager (Male) |
| 16:28 | Build | Farm |
| 16:29 | Create | Villager (Male) |
| 16:30 | Create | Villager (Male) |
| 16:40 | Create | Villager (Male) |
| 16:40 | Create | Villager (Male) |
| 16:51 | Build | Monastery |
| 16:55 | Create | Villager (Male) |
| 16:55 | Create | Villager (Male) |
| 16:55 | Create | Villager (Male) |
| 17:03 | Create | Villager (Male) |
| 17:09 | Build | Farm |
| 17:11 | Build | Farm |
| 17:14 | Build | Farm |
| 17:17 | Create | Villager (Male) |
| 17:18 | Create | Villager (Male) |
| 17:18 | Create | Villager (Male) |
| 17:22 | Build | House |
| 17:23 | Build | House |
| 17:25 | Create | Villager (Male) |
| 17:34 | Research | Town Watch |
| 17:34 | Research | Town Watch |
| 17:37 | Research | Loom |
| 17:40 | Research | Hand Cart |
| 17:56 | Create | Villager (Male) |
| 17:57 | Create | Villager (Male) |
| 17:59 | Build | House |
| 18:02 | Build | House |
| 18:09 | Create | Villager (Male) |
| 18:09 | Create | Villager (Male) |
| 18:10 | Create | Villager (Male) |
| 18:15 | Build | House |
| 18:36 | Build | Mill |
| 18:36 | Build | Farm |
| 18:37 | Build | Farm |
| 18:37 | Build | Farm |
| 18:37 | Build | Farm |
| 18:37 | Build | Farm |
| 18:38 | Build | Farm |
| 18:44 | Build | Farm |
| 18:45 | Build | Farm |
| 18:48 | Create | Villager (Male) |
| 18:49 | Create | Villager (Male) |
| 18:49 | Create | Villager (Male) |
| 18:58 | Build | House |
| 19:01 | Create | Villager (Male) |
| 19:01 | Create | Villager (Male) |
| 19:10 | Create | Villager (Male) |
| 19:12 | Build | House |
| 19:13 | Build | House |
| 19:20 | Build | House |
| 19:21 | Create | Villager (Male) |
| 19:22 | Create | Villager (Male) |
| 19:34 | Build | Farm |
| 19:40 | Build | Farm |
| 19:59 | Create | Villager (Male) |
Build order — develement
130 actions detected in the replay
| 0:00 | Create | Villager (Male) |
| 0:00 | Create | Villager (Male) |
| 0:03 | Build | Lumber Camp |
| 0:10 | Build | Mill |
| 0:27 | Create | Villager (Male) |
| 0:39 | Create | Villager (Male) |
| 1:11 | Create | Villager (Male) |
| 1:35 | Create | Villager (Male) |
| 1:44 | Build | Farm |
| 1:52 | Create | Villager (Male) |
| 2:06 | Create | Villager (Male) |
| 2:40 | Create | Villager (Male) |
| 2:43 | Create | Villager (Male) |
| 2:49 | Create | Villager (Male) |
| 2:56 | Create | Villager (Male) |
| 3:59 | Build | Farm |
| 4:36 | Build | Farm |
| 4:37 | Build | Farm |
| 4:41 | Build | Farm |
| 4:53 | Create | Villager (Male) |
| 5:13 | Build | Farm |
| 5:22 | Create | Villager (Male) |
| 5:46 | Build | Farm |
| 5:48 | Create | Villager (Male) |
| 6:10 | Create | Villager (Male) |
| 6:16 | Build | Mining Camp |
| 6:22 | Create | Villager (Male) |
| 6:39 | Research | Feudal Age |
| 6:39 | Research | Feudal Age |
| 6:56 | Build | Farm |
| 8:27 | Create | Villager (Male) |
| 8:27 | Create | Villager (Male) |
| 8:50 | Age | Feudal Age |
| 8:52 | Build | Market |
| 8:55 | Build | Blacksmith |
| 9:14 | Research | Double-Bit Axe |
| 9:37 | Research | Castle Age |
| 9:46 | Research | Horse Collar |
| 10:22 | Build | Farm |
| 10:56 | Build | Farm |
| 12:10 | Create | Villager (Male) |
| 12:20 | Age | Castle Age |
| 12:44 | Create | Villager (Male) |
| 13:08 | Research | Imperial Age |
| 13:08 | Research | Imperial Age |
| 13:18 | Build | Lumber Camp |
| 13:25 | Create | Janissary |
| 13:37 | Create | Janissary |
| 13:51 | Create | Janissary |
| 14:13 | Create | Janissary |
| 14:26 | Build | Siege Workshop |
| 14:32 | Build | Siege Workshop |
| 14:39 | Build | Farm |
| 14:45 | Create | Janissary |
| 14:45 | Create | Janissary |
| 15:15 | Create | Mangonel |
| 15:22 | Build | House |
| 15:23 | Build | House |
| 15:38 | Create | Janissary |
| 15:39 | Create | Villager (Male) |
| 15:46 | Create | Villager (Male) |
| 15:46 | Create | Villager (Male) |
| 15:55 | Build | House |
| 15:57 | Build | Palisade Wall |
| 16:10 | Create | Villager (Male) |
| 16:20 | Age | Imperial Age |
| 16:24 | Research | Loom |
| 16:25 | Create | Janissary |
| 16:29 | Create | Janissary |
| 16:45 | Create | Villager (Male) |
| 17:06 | Create | Janissary |
| 17:30 | Create | Janissary |
| 17:35 | Create | Janissary |
| 17:37 | Build | Siege Workshop |
| 17:49 | Build | Mill |
| 18:01 | Create | Janissary |
| 18:15 | Create | Bombard Cannon |
| 18:46 | Create | Janissary |
| 18:47 | Create | Janissary |
| 19:20 | Create | Janissary |
| 19:26 | Build | Monastery |
| 19:29 | Build | House |
| 19:36 | Create | Janissary |
| 19:49 | Build | Farm |
| 19:50 | Build | Farm |
| 19:51 | Create | Janissary |
| 20:04 | Build | House |
| 20:06 | Create | Janissary |
| 20:25 | Create | Janissary |
| 20:29 | Build | House |
| 20:30 | Build | House |
| 21:03 | Create | Monk |
| 21:29 | Create | Janissary |
| 21:30 | Create | Janissary |
| 21:55 | Create | Janissary |
| 21:55 | Create | Janissary |
| 22:23 | Create | Janissary |
| 22:39 | Create | Janissary |
| 22:59 | Create | Janissary |
| 22:59 | Create | Janissary |
| 23:33 | Create | Janissary |
| 23:34 | Create | Janissary |
| 23:51 | Build | Palisade Gate |
| 23:53 | Build | House |
| 24:01 | Build | Market |
| 24:02 | Create | Janissary |
| 24:18 | Create | Janissary |
| 24:34 | Create | Janissary |
| 24:55 | Build | Town Center |
| 25:08 | Create | Janissary |
| 25:09 | Create | Janissary |
| 25:31 | Create | Janissary |
| 25:48 | Create | Janissary |
| 26:00 | Create | Janissary |
| 26:25 | Create | Janissary |
| 26:25 | Create | Janissary |
| 26:37 | Create | Janissary |
| 27:02 | Create | Janissary |
| 27:05 | Create | Villager (Male) |
| 27:05 | Create | Villager (Male) |
| 27:15 | Build | Farm |
| 27:16 | Build | Farm |
| 27:18 | Create | Villager (Male) |
| 27:18 | Create | Villager (Male) |
| 27:35 | Create | Janissary |
| 27:59 | Create | Janissary |
| 28:19 | Create | Villager (Male) |
| 28:19 | Create | Villager (Male) |
| 28:35 | Create | Villager (Male) |
| 28:35 | Create | Villager (Male) |
Build order — The_ Rock
First 150 of 236 actions detected
| 0:05 | Build | Lumber Camp |
| 0:10 | Create | Villager (Male) |
| 0:11 | Create | Villager (Male) |
| 0:11 | Create | Villager (Male) |
| 0:11 | Create | Villager (Male) |
| 1:50 | Create | Villager (Male) |
| 2:16 | Create | Villager (Male) |
| 2:16 | Create | Villager (Male) |
| 2:52 | Create | Villager (Male) |
| 3:00 | Create | Villager (Male) |
| 3:07 | Build | Mill |
| 3:24 | Create | Villager (Male) |
| 3:55 | Create | Villager (Male) |
| 4:01 | Build | Farm |
| 4:07 | Build | Farm |
| 4:09 | Build | Farm |
| 4:10 | Create | Villager (Male) |
| 4:20 | Build | Farm |
| 4:25 | Build | Farm |
| 4:27 | Build | Farm |
| 4:31 | Create | Villager (Male) |
| 5:16 | Research | Feudal Age |
| 5:22 | Build | Mining Camp |
| 7:11 | Create | Villager (Male) |
| 7:12 | Create | Villager (Male) |
| 7:26 | Age | Feudal Age |
| 7:28 | Build | Market |
| 8:16 | Create | Villager (Male) |
| 8:37 | Build | Blacksmith |
| 8:40 | Create | Villager (Male) |
| 9:06 | Research | Castle Age |
| 9:06 | Research | Castle Age |
| 9:27 | Research | Double-Bit Axe |
| 9:34 | Research | Horse Collar |
| 11:03 | Create | Villager (Male) |
| 11:03 | Create | Villager (Male) |
| 11:36 | Create | Villager (Male) |
| 11:46 | Age | Castle Age |
| 11:48 | Build | Town Center |
| 11:54 | Create | Villager (Male) |
| 11:59 | Research | Fletching |
| 12:05 | Research | Bow Saw |
| 12:10 | Create | Villager (Male) |
| 12:48 | Create | Villager (Male) |
| 13:04 | Create | Villager (Male) |
| 13:04 | Create | Villager (Male) |
| 13:06 | Create | Villager (Male) |
| 13:10 | Build | Archery Range |
| 13:21 | Create | Unit 1908 |
| 13:26 | Create | Unit 1908 |
| 13:28 | Research | Scale Barding Armor |
| 13:29 | Create | Villager (Male) |
| 13:29 | Create | Villager (Male) |
| 13:30 | Create | Villager (Male) |
| 13:34 | Build | Farm |
| 13:34 | Build | Farm |
| 13:44 | Build | Farm |
| 13:46 | Build | Farm |
| 13:50 | Build | Farm |
| 13:53 | Build | Farm |
| 13:54 | Create | Villager (Male) |
| 13:54 | Create | Villager (Male) |
| 13:54 | Create | Villager (Male) |
| 14:05 | Create | Unit 1908 |
| 14:05 | Create | Unit 1908 |
| 14:09 | Build | Farm |
| 14:45 | Create | Unit 1908 |
| 14:45 | Create | Unit 1908 |
| 14:46 | Create | Villager (Male) |
| 14:49 | Build | Farm |
| 14:54 | Create | Villager (Male) |
| 14:55 | Create | Villager (Male) |
| 15:03 | Create | Villager (Male) |
| 15:13 | Create | Villager (Male) |
| 15:13 | Create | Villager (Male) |
| 15:20 | Build | Farm |
| 15:22 | Build | Farm |
| 15:23 | Build | Farm |
| 15:30 | Create | Villager (Male) |
| 15:44 | Create | Unit 1908 |
| 16:22 | Create | Unit 1908 |
| 16:22 | Create | Unit 1908 |
| 16:33 | Create | Unit 1908 |
| 16:34 | Create | Villager (Male) |
| 17:09 | Create | Villager (Male) |
| 17:09 | Create | Villager (Male) |
| 17:14 | Build | Farm |
| 17:16 | Build | House |
| 17:20 | Build | House |
| 17:20 | Build | House |
| 17:21 | Build | House |
| 17:38 | Create | Unit 1908 |
| 17:38 | Create | Unit 1908 |
| 17:39 | Create | Villager (Male) |
| 17:39 | Create | Villager (Male) |
| 17:44 | Build | Archery Range |
| 17:47 | Create | Villager (Male) |
| 17:53 | Build | Farm |
| 17:53 | Build | Farm |
| 17:53 | Build | Farm |
| 17:53 | Build | Farm |
| 17:54 | Build | Farm |
| 17:54 | Build | Farm |
| 17:54 | Build | Farm |
| 17:55 | Build | Farm |
| 18:18 | Create | Unit 1908 |
| 18:20 | Create | Villager (Male) |
| 18:49 | Research | Chain Barding Armor |
| 18:56 | Create | Villager (Male) |
| 19:01 | Build | Lumber Camp |
| 19:06 | Build | Farm |
| 19:08 | Create | Villager (Male) |
| 19:09 | Create | Villager (Male) |
| 19:23 | Create | Unit 1908 |
| 19:25 | Create | Villager (Male) |
| 19:25 | Create | Villager (Male) |
| 19:36 | Research | Forging |
| 19:37 | Create | Villager (Male) |
| 19:37 | Create | Villager (Male) |
| 19:39 | Create | Villager (Male) |
| 19:41 | Build | Farm |
| 19:42 | Build | Farm |
| 19:43 | Build | Farm |
| 19:58 | Create | Unit 1908 |
| 20:03 | Create | Unit 1911 |
| 20:09 | Create | Villager (Male) |
| 20:09 | Create | Villager (Male) |
| 20:10 | Create | Villager (Male) |
| 20:18 | Build | Farm |
| 20:29 | Create | Villager (Male) |
| 20:29 | Create | Villager (Male) |
| 20:35 | Build | Mill |
| 20:36 | Build | Farm |
| 20:36 | Build | Farm |
| 20:36 | Build | Farm |
| 20:37 | Build | Farm |
| 20:37 | Build | Farm |
| 20:37 | Build | Farm |
| 20:45 | Research | Wheelbarrow |
| 20:45 | Research | Wheelbarrow |
| 21:24 | Create | Unit 1911 |
| 21:25 | Create | Unit 1911 |
| 21:29 | Build | Archery Range |
| 21:33 | Create | Villager (Male) |
| 21:34 | Create | Villager (Male) |
| 21:34 | Create | Villager (Male) |
| 21:34 | Create | Villager (Male) |
| 21:54 | Create | Villager (Male) |
| 21:54 | Create | Villager (Male) |
| 22:06 | Create | Unit 1908 |
Build order — Silence
First 150 of 230 actions detected
| 0:02 | Create | Villager (Male) |
| 0:02 | Create | Villager (Male) |
| 0:06 | Build | Lumber Camp |
| 0:15 | Create | Villager (Male) |
| 0:17 | Create | Villager (Male) |
| 0:20 | Build | Mill |
| 0:50 | Create | Villager (Male) |
| 1:20 | Create | Villager (Male) |
| 1:40 | Create | Villager (Male) |
| 1:56 | Create | Villager (Male) |
| 2:19 | Create | Villager (Male) |
| 2:59 | Create | Villager (Male) |
| 2:59 | Create | Villager (Male) |
| 3:21 | Create | Villager (Male) |
| 3:22 | Create | Villager (Male) |
| 3:22 | Create | Villager (Male) |
| 3:53 | Create | Villager (Male) |
| 3:55 | Build | Farm |
| 4:28 | Build | House |
| 4:31 | Create | Villager (Male) |
| 5:26 | Create | Villager (Male) |
| 5:54 | Build | Farm |
| 6:15 | Create | Villager (Male) |
| 6:25 | Build | Mining Camp |
| 6:38 | Create | Villager (Male) |
| 6:44 | Build | Lumber Camp |
| 7:05 | Research | Feudal Age |
| 7:56 | Create | Villager (Male) |
| 8:20 | Research | Loom |
| 8:20 | Create | Villager (Male) |
| 8:25 | Age | Feudal Age |
| 8:26 | Build | Market |
| 8:28 | Build | Blacksmith |
| 8:41 | Research | Double-Bit Axe |
| 9:18 | Research | Castle Age |
| 9:45 | Research | Gold Mining |
| 10:26 | Build | Farm |
| 10:30 | Create | Villager (Male) |
| 10:53 | Age | Castle Age |
| 10:57 | Build | Siege Workshop |
| 11:07 | Build | Siege Workshop |
| 11:08 | Create | Karambit Warrior |
| 11:13 | Create | Karambit Warrior |
| 11:13 | Create | Karambit Warrior |
| 11:14 | Create | Karambit Warrior |
| 11:15 | Create | Villager (Male) |
| 11:25 | Create | Villager (Male) |
| 11:31 | Create | Karambit Warrior |
| 11:31 | Create | Karambit Warrior |
| 11:31 | Create | Karambit Warrior |
| 11:34 | Create | Karambit Warrior |
| 11:34 | Create | Karambit Warrior |
| 11:34 | Create | Karambit Warrior |
| 11:45 | Build | House |
| 11:53 | Create | Battering Ram |
| 12:14 | Create | Villager (Male) |
| 12:18 | Create | Battering Ram |
| 12:20 | Create | Karambit Warrior |
| 12:31 | Create | Petard |
| 12:34 | Create | Petard |
| 12:47 | Create | Battering Ram |
| 13:10 | Create | Karambit Warrior |
| 13:12 | Create | Karambit Warrior |
| 13:18 | Create | Battering Ram |
| 13:27 | Create | Karambit Warrior |
| 13:33 | Create | Villager (Male) |
| 13:41 | Create | Karambit Warrior |
| 13:47 | Create | Karambit Warrior |
| 13:53 | Create | Karambit Warrior |
| 13:54 | Create | Karambit Warrior |
| 14:02 | Create | Villager (Male) |
| 14:04 | Create | Karambit Warrior |
| 14:31 | Create | Battering Ram |
| 14:38 | Build | Farm |
| 14:39 | Build | Farm |
| 14:40 | Create | Karambit Warrior |
| 14:41 | Create | Karambit Warrior |
| 14:59 | Create | Karambit Warrior |
| 15:04 | Research | Forging |
| 15:04 | Research | Forging |
| 15:20 | Create | Karambit Warrior |
| 15:51 | Create | Karambit Warrior |
| 15:51 | Create | Karambit Warrior |
| 15:52 | Create | Scorpion |
| 16:17 | Create | Villager (Male) |
| 16:23 | Create | Karambit Warrior |
| 16:23 | Create | Karambit Warrior |
| 16:24 | Create | Karambit Warrior |
| 17:08 | Create | Villager (Male) |
| 17:14 | Research | Squires |
| 17:53 | Create | Villager (Male) |
| 17:53 | Create | Villager (Male) |
| 17:55 | Build | Farm |
| 17:57 | Build | Farm |
| 18:24 | Create | Villager (Male) |
| 18:24 | Create | Villager (Male) |
| 18:26 | Build | Farm |
| 18:27 | Create | Villager (Male) |
| 18:30 | Build | Town Center |
| 18:31 | Create | Villager (Male) |
| 18:53 | Create | Villager (Male) |
| 18:56 | Create | Battering Ram |
| 18:56 | Create | Battering Ram |
| 18:56 | Create | Battering Ram |
| 19:07 | Build | Farm |
| 19:08 | Create | Villager (Male) |
| 19:19 | Build | Farm |
| 19:24 | Create | Karambit Warrior |
| 19:25 | Create | Karambit Warrior |
| 19:25 | Create | Karambit Warrior |
| 19:25 | Create | Karambit Warrior |
| 19:34 | Create | Villager (Male) |
| 19:40 | Build | Farm |
| 19:41 | Create | Villager (Male) |
| 19:43 | Research | Horse Collar |
| 19:50 | Create | Karambit Warrior |
| 19:51 | Create | Karambit Warrior |
| 19:53 | Create | Karambit Warrior |
| 20:00 | Create | Villager (Male) |
| 20:01 | Create | Karambit Warrior |
| 20:01 | Create | Karambit Warrior |
| 20:07 | Create | Karambit Warrior |
| 20:09 | Create | Karambit Warrior |
| 20:10 | Create | Villager (Male) |
| 20:19 | Build | Farm |
| 20:24 | Create | Karambit Warrior |
| 20:24 | Create | Karambit Warrior |
| 20:26 | Create | Karambit Warrior |
| 20:50 | Create | Villager (Male) |
| 20:51 | Build | House |
| 21:14 | Create | Villager (Male) |
| 21:15 | Build | Farm |
| 21:19 | Create | Karambit Warrior |
| 21:20 | Create | Karambit Warrior |
| 21:20 | Create | Karambit Warrior |
| 21:20 | Create | Karambit Warrior |
| 21:21 | Create | Karambit Warrior |
| 21:54 | Create | Villager (Male) |
| 21:54 | Create | Villager (Male) |
| 21:57 | Build | Farm |
| 22:15 | Create | Villager (Male) |
| 22:17 | Create | Karambit Warrior |
| 22:17 | Create | Karambit Warrior |
| 22:18 | Create | Karambit Warrior |
| 22:18 | Create | Karambit Warrior |
| 22:19 | Create | Karambit Warrior |
| 22:19 | Create | Karambit Warrior |
| 22:20 | Create | Karambit Warrior |
| 22:48 | Create | Villager (Male) |
| 22:48 | Create | Villager (Male) |
Match timeline
| 6:46 | FYI Inc · age_up feudal |
| 6:47 | VENÓN | EnvyZ · age_up feudal |
| 7:11 | NachoMontes · age_up feudal |
| 7:26 | The_ Rock · age_up feudal |
| 7:35 | VENÓN | EnvyZ · first_market_buy 100 food |
| 7:36 | VENÓN | EnvyZ · first_market_sell 100 wood |
| 7:36 | T1m · age_up feudal |
| 8:02 | _The_Lion · age_up feudal |
| 8:18 | FYI Inc · wall_segment Palisade Wall x1 |
| 8:25 | Silence · age_up feudal |
| 8:50 | develement · age_up feudal |
| 10:01 | develement · first_market_sell 100 stone |
| 10:21 | _The_Lion · first_market_buy 100 food |
| 10:24 | FYI Inc · first_market_buy 100 wood |
| 10:31 | develement · first_market_buy 100 food |
| 10:42 | VENÓN | EnvyZ · age_up castle |
| 10:44 | NachoMontes · age_up castle |
| 10:53 | Silence · age_up castle |
| 10:56 | FYI Inc · age_up castle |
| 10:57 | Silence · first_building Siege Workshop |
| 11:06 | T1m · age_up castle |
| 11:46 | The_ Rock · age_up castle |
| 11:57 | _The_Lion · age_up castle |
| 12:20 | develement · age_up castle |
| 12:29 | Silence · first_market_buy 100 food |
| 13:10 | The_ Rock · first_building Archery Range |
| 13:46 | Silence · first_market_sell 100 stone |
| 14:26 | develement · first_building Siege Workshop |
| 14:26 | VENÓN | EnvyZ · first_building Monastery |
| 15:00 | FYI Inc · first_building Monastery |
| 15:43 | FYI Inc · first_market_sell 100 wood |
| 15:57 | develement · wall_segment Palisade Wall x1 |
| 16:20 | develement · age_up imperial |
| 16:31 | _The_Lion · first_building Castle |
| 16:51 | T1m · first_building Monastery |
| 17:01 | _The_Lion · age_up imperial |
| 17:07 | _The_Lion · first_market_sell 100 stone |
| 18:48 | The_ Rock · first_market_buy 100 food |
| 19:05 | NachoMontes · first_market_sell 100 wood |
| 19:26 | develement · first_building Monastery |
| 19:31 | The_ Rock · first_market_sell 100 wood |
| 19:38 | FYI Inc · first_building Barracks |
| 19:45 | T1m · first_market_sell 100 wood |
| 19:55 | FYI Inc · first_building Stable |
| 20:47 | T1m · first_building Barracks |
| 20:54 | T1m · first_building Stable |
| 21:06 | T1m · first_market_buy 100 stone |
| 21:16 | NachoMontes · first_building Castle |
| 22:08 | VENÓN | EnvyZ · first_building Barracks |
| 22:12 | The_ Rock · first_building Stable |
| 22:47 | VENÓN | EnvyZ · first_building Archery Range |
| 22:57 | NachoMontes · age_up imperial |
| 23:05 | VENÓN | EnvyZ · first_building Siege Workshop |
| 23:29 | NachoMontes · first_building Siege Workshop |
| 23:30 | T1m · age_up imperial |
| 24:11 | FYI Inc · age_up imperial |
| 24:45 | VENÓN | EnvyZ · age_up imperial |
| 24:46 | VENÓN | EnvyZ · first_building Castle |
| 25:15 | NachoMontes · first_building Barracks |
| 26:18 | NachoMontes · first_market_buy 100 wood |
| 26:26 | T1m · first_building Castle |
| 27:35 | _The_Lion · first_building Stable |
| 28:30 | _The_Lion · wall_segment Stone Wall x13 |
| 28:35 | Silence · resign |
[ AI ANALYSIS · 1 CREDIT ]
What really happened in this match?
Wolo.gg analyzes every decision: build order, eco, micro, common mistakes by bracket. Personalized analysis on WhatsApp or Discord in 30 seconds.
Civ guide
Franks
Perfil
NachoMontes